 Dungeon Crawl Stone Soup version 0.29.1-15-g9cfb28693d (webtiles) character file.

Game seed: 13721700581562587119

89 javelincjr the Conjurer (level 4, 0/24 HPs)
             Began as a Deep Elf Conjurer on Apr 18, 2023.
             Was an Initiate of Sif Muna.
             Slain by Sigmund
             ... wielding a +5 scythe of protection
              (7 damage)
             ... on level 3 of the Dungeon.
             The game lasted 00:08:30 (1982 turns).

javelincjr the Conjurer (Deep Elf Conjurer)         Turns: 1982, Time: 00:08:30

Health: 0/24       AC:  5    Str:  6    XL:     4   Next: 31%
Magic:  13/21      EV: 12    Int: 23    God:    Sif Muna [......]
Gold:   145        SH:  0    Dex: 13    Spells: 8/11 levels left

rFire   . . .      SeeInvis .   (no weapon)
rCold   . . .      Faith    .   (no shield)
rNeg    . . .      Spirit   .   l - +2 leather armour {Will+}
rPois   .          Reflect  .   (no helmet)
rElec   .          Harm     .   (no cloak)
rCorr   .          Rampage  .   (no gloves)
Will    +....                   (no boots)
Stlth   ++........              (no amulet)
HPRegen 0.08/turn               f - ring of magical power
MPRegen 0.17/turn               (no ring)

@: no status effects
A: no striking features
a: Renounce Religion


You were on level 3 of the Dungeon.
You worshipped Sif Muna.
Sif Muna was noncommittal.
You visited 1 branch of the dungeon, and saw 3 of its levels.

You collected 145 gold pieces.

Inventory:

Armour
 a - a +0 robe
 l - a +2 leather armour of willpower (worn)
Jewellery
 f - a ring of magical power (left hand)
Scrolls
 d - a scroll of fear {unknown}
 e - a scroll of poison {unknown}
 j - 2 scrolls of identify {unknown}
Potions
 b - a potion of magic
 c - 3 potions of curing {unknown}
 g - 2 potions of flight {unknown}
 h - a potion of might {unknown}
 i - a potion of degeneration {unknown}
 k - a potion of lignification {unknown}


   Skills:
 + Level 0.0 Fighting
 + Level 0.1 Armour
 + Level 3.3 Dodging
 + Level 3.6 Stealth
 * Level 4.0 Spellcasting
 + Level 4.9 Conjurations
 + Level 0.2 Invocations


You had 8 spell levels left.
You knew the following spells:

 Your Spells              Type           Power      Damage    Failure   Level
a - Magic Dart            Conj           100%       1d8       2%          1
b - Searing Ray           Conj           54%        2d6       3%          2

Your spell library contained the following spells:

 Spells                   Type           Power      Damage    Failure   Level
 Dazzling Flash           Conj/Hex       32%        N/A       19%         3
 Portal Projectile        Hex/Tloc       8%         N/A       43%         3
 Tukima's Dance           Hex            4%         N/A       43%         3
 Fulminant Prism          Conj/Hex       8%         3d7       52%         4
 Iskenderun's Mystic Bla  Conj/Tloc      16%        2d5       52%         4
 Blade Hands              Tmut           2%         N/A       99%         5


Dungeon Overview and Level Annotations

Branches:
Dungeon (3/15)

Altars:
Sif Muna

Shops:
D:3 (

Annotations:
D:3 Sigmund


Message History

Aiming: Searing Ray (safe; 3% risk of failure)
Press: ? - help, Shift-Dir - straight line, f - quokka
Aim: a quokka (71% to hit)
The searing ray hits the quokka!
You kill the quokka!
Sif Muna accepts your kill. (Press . to maintain the ray.) Sigmund shouts!
Casting: Searing Ray (safe; 3% risk of failure)
Confirm with . or Enter, or press ? or * to list all spells.
Aiming: Searing Ray (safe; 3% risk of failure)
Press: ? - help, Shift-Dir - straight line, f - Sigmund
Aim: Sigmund, wielding a +5 scythe of protection and wearing a +0 robe (77% to hit)
The searing ray hits Sigmund.
Sigmund is lightly wounded. (Press . to maintain the ray.)
The searing ray misses Sigmund.
The searing ray hits Sigmund.
Sigmund is lightly wounded.
Sigmund mumbles some strange words.
Sigmund flickers and vanishes!
Deactivating autopickup; reactivate with Ctrl-A.
The searing ray hits something but does no damage.
You finish channelling your searing ray.
Something hits you.
Casting: Searing Ray (safe; 3% risk of failure)
Confirm with . or Enter, or press ? or * to list all spells.
You can't see any susceptible monsters within range! (Use Z to cast anyway.)
Casting: Searing Ray (safe; 3% risk of failure)
Confirm with . or Enter, or press ? or * to list all spells.
Aiming: Searing Ray (safe; 3% risk of failure)
Press: ? - help, Shift-Dir - straight line The searing ray hits something but does no damage. (Press . to maintain the ray.)
A magic dart appears from out of thin air!
The magic dart hits you!
Ouch! That really hurt!
* * * LOW HITPOINT WARNING * * *
Something hits you!
You die...

..........##.....................
......>...#########..###....†.###
...............# #..#........#
...............# #..#........###
....#..........# #..#..........#
....#..........####..#..........#
################.....#..........#
#.##.#...........#
#@##.#...........#
#.##.#...........#
#{##.#...........#
#.##...###.......# #.....>
######### #..#### #.. #..#


There were no monsters in sight!

Vanquished Creatures
  An adder (D:3)
  A gnoll (D:1)
  2 worms
  A dart slug (D:1)
  8 ball pythons
  5 bats
  6 endoplasms
  6 goblins
  10 hobgoblins
  4 quokkas
  3 frilled lizards
  6 kobolds
  4 rats
57 creatures vanquished.

Vanquished Creatures (others)
  2 fungi (D:1)
  3 plants (D:1)
5 creatures vanquished.

Grand Total: 62 creatures vanquished

Notes
Turn   | Place    | Note
-------+----------+-------------------------------------------
     0 | D:1      | javelincjr the Deep Elf Conjurer began the quest for the
                  | Orb.
     0 | D:1      | Reached XP level 1. HP: 10/10 MP: 6/6
   214 | D:1      | Reached XP level 2. HP: 15/15 MP: 2/8
   275 | D:1      | Learned a level 2 spell: Searing Ray
   489 | D:1      | Found a faded altar of an unknown god.
   656 | D:1      | Reached XP level 3. HP: 19/19 MP: 5/10
  1022 | D:1      | You fall into a shaft and drop 1 floor!
  1518 | D:3      | Found a shimmering blue altar of Sif Muna.
  1528 | D:3      | Became a worshipper of Sif Muna the Loreminder
  1593 | D:3      | Reached XP level 4. HP: 22/24 MP: 11/11
  1621 | D:3      | Found Adi Baadghiti's Antique Weapon Shop.
  1685 | D:3      | Noticed Sigmund
  1982 | D:3      | Slain by Sigmund

Illustrated notes

Levels and vault maps discovered:
D:1:      minmay_arrival_hallway, layout_rooms, dreamdust_ecumenical_altar_grove
D:2:      layout_basic
D:3:      layout_basic, nicolae_sif_muna_condensation, serial_shops,
          nicolae_shop_stone, minmay_distorted, uniq_sigmund

Skill      XL: |  1  2  3  4 |
---------------+-------------+-----
Stealth        | 3 |  3.6
Dodging        | 3 |  3.3
Spellcasting   | 4 |  4.0
Armour         | |  0.1
Conjurations   | |  4.9
Invocations    | |  0.2

Action                   |  1- 3 |  4- 6 || total
-------------------------+-------+-------++-------
 Cast: Magic Dart        |    70 |     2 ||    72
       Searing Ray       |    12 |     5 ||    17
Armor: Robe              |     2 |       ||     2
Dodge: Dodged            |    15 |     4 ||    19
